 Dungeon Crawl Stone Soup version 0.21.1-1-g345015f (webtiles) character file.

60 inc the Ducker (level 3, -3/15 HPs)
             Began as a Felid Transmuter on Mar 13, 2018.
             Slain by a kobold
             ... wielding a +0 whip
              (4 damage)
             ... on level 2 of the Dungeon.
             The game lasted 00:01:58 (1790 turns).

inc the Ducker (Felid Transmuter)                   Turns: 1790, Time: 00:01:58

Health: -3/15      AC:  1    Str:  6    XL:     3   Next: 80%
Magic:  6/7        EV: 21    Int: 20    God:
Gold:   77         SH:  0    Dex: 16    Spells: 5/6 levels left
                                        Lives:  0   Deaths: 0

rFire    . . .     SeeInvis +     - Unarmed
rCold    . . .     Gourm    .   (shield unavailable)
rNeg     . . .     Faith    .   (armour unavailable)
rPois    .         Spirit   .   (helmet unavailable)
rElec    .         Reflect  .   (cloak unavailable)
rCorr    .         Harm     .   (gloves unavailable)
MR       +....                  (boots unavailable)
Stlth    ++........             (no amulet)
HPRegen  0.05/turn              e - ring of protection from magic
MPRegen  0.10/turn              (no ring)

@: brilliant, lethally poisoned (-3 -> -6), appendage, quick
A: very small, no armour, no weapons or thrown items, stealth, claws 1, fangs 3,
horns 2, see invisible, carnivore, speed 1, shaggy fur 1, slow metabolism 1,
sharp paws
a: End Transformation


You were on level 2 of the Dungeon.
You were hungry.
You had grown temporary horns.
You visited 1 branch of the dungeon, and saw 2 of its levels.

You collected 77 gold pieces.

Inventory:

Missiles
 a - 30 arrows
Jewellery
 e - a ring of protection from magic (left paw)
Scrolls
 d - a scroll of identify {unknown}
Potions
 f - a potion of brilliance
Books
 b - a book of Changes

   Spells                             Type                      Level
   a - Beastly Appendage              Transmutation                1
   b - Sticks to Snakes               Transmutation                2
   c - Spider Form                    Transmutation/Poison         3
   d - Ice Form                       Ice/Transmutation            4
   e - Blade Hands                    Transmutation                5
Comestibles
 c - 4 rations


   Skills:
 + Level 1.6 Fighting
 - Level 5.3 Dodging
 - Level 3.0 Unarmed Combat
 - Level 2.0 Spellcasting
 - Level 2.1 Transmutations


You had 5 spell levels left.
You knew the following spells:

 Your Spells              Type           Power        Failure   Level  Hunger
a - Beastly Appendage     Tmut           ###...       1%          1    #......


Dungeon Overview and Level Annotations

Branches:
Dungeon (2/15)

Altars:
Okawaru


Innate Abilities, Weirdness & Mutations

You cannot wear armour.
You are incapable of wielding weapons or throwing items.
Your paws allow you to move quietly. (Stealth)
You have sharp claws.
You have razor-sharp teeth.
You have supernaturally acute eyesight. (SInv)
You are carnivorous and can eat meat at any time.
You cover ground quickly.
You are covered in fur. (AC +1)
You have a slow metabolism.
Your sharp claws are effective at attacking unaware monsters.
You have a pair of horns on your head.


Message History

You are too injured to fight recklessly!
Okay, then.
Casting: Beastly Appendage
Confirm with . or Enter, or press ? or * to list all spells.
You grow a pair of large bovine horns.
The adder bites you.
* * * LOW HITPOINT WARNING * * *
The adder completely misses you.
It was a potion of brilliance.
You feel clever all of a sudden.
* * * LOW HITPOINT WARNING * * *
You feel sick. The adder misses you.
You barely miss the adder.
The adder is almost dead.
The adder misses you.
You scratch the adder.
You kill the adder!
You scratch the kobold but do no damage.
The kobold closely misses you.
You barely miss the kobold. The kobold hits you with a whip.
You die...

#.............#.#######.#
#.#####.......#.##
#######.#..##
########.#...##
..............# #
#######........# #.##
#............##...
#.##......>.......
#@##.#.....####.##
#K##.##...## # #K.#.#
..## ##.... .## .... ....
.?... .#.###


You could see 2 kobolds.

Vanquished Creatures
  An adder (D:2)
  2 oozes (D:1)
  A dart slug (D:1)
  A leopard gecko (D:2)
  A ball python (D:2)
  7 bats
  3 giant cockroaches
  6 hobgoblins
  5 kobolds
  A quokka (D:2)
  2 frilled lizards (D:1)
  2 goblins (D:1)
  4 rats
36 creatures vanquished.

Notes
Turn   | Place    | Note
-------+----------+-------------------------------------------
     0 | D:1      | inc the Felid Transmuter began the quest for the Orb.
     0 | D:1      | Reached XP level 1. HP: 9/9 MP: 4/4
    20 | D:1      | Reached skill level 3 in Dodging
   547 | D:1      | Reached XP level 2. HP: 12/12 MP: 4/6
   597 | D:1      | Reached skill level 4 in Dodging
   922 | D:1      | Reached XP level 3. HP: 12/15 MP: 5/7
  1241 | D:2      | Reached skill level 5 in Dodging
  1468 | D:2      | Found an iron altar of Okawaru.
  1790 | D:2      | Slain by a kobold

Skill      XL: |  1  2  3 |
---------------+----------+-----
Dodging        | 3 4 5 |  5.3
Fighting       | |  1.6
Unarmed Combat | |  3.0
Spellcasting   | |  2.0
Transmutations | |  2.1

Action                   || total
-------------------------++-------
Melee: Unarmed           ||   112
       Bite              ||    10
       Headbutt          ||     7
       Punch             ||     1
 Cast: Beastly Appendage ||    13
  Use: Potion            ||     1
 Stab: Sleeping          ||     2
Armor: Skin              ||     3
Dodge: Dodged            ||   113
